 Dungeon Crawl Stone Soup version 0.18.1-48-g4cf74bf (webtiles) character file.

156 Joat the Conjurer (level 5, -2/42 HPs)
             Began as a Draconian Conjurer on Sept 3, 2016.
             Slain by an ogre
             ... wielding a +0 giant club
              (13 damage)
             ... on level 4 of the Dungeon.
             The game lasted 00:13:08 (3754 turns).

Joat the Conjurer (Draconian Conjurer)              Turns: 3754, Time: 00:13:09

Health: -2/42      AC:  5    Str: 11    XL:     5   Next: 15%
Magic:  8/9        EV: 13    Int: 16    God:
Gold:   142        SH:  0    Dex: 16    Spells: 1 memorised, 9 levels left

rFire  . . .     SeeInvis .     m - +3 spear
rCold  . . .     Gourm    .     (armour unavailable)
rNeg   . . .     Faith    .     (no shield)
rPois  .         Spirit   .     (helmet restricted)
rElec  .         Dismiss  .     (no cloak)
rCorr  .         Reflect  .     (no gloves)
SustAt .         Harm     .     (no boots)
MR     +....                    (no amulet)
Stlth  ++........               o - ring of protection from magic
                                e - +5 ring of dexterity

@: somewhat resistant to hostile enchantments, unstealthy
A: unfitting armour, cold-blooded, AC +5
a: no special abilities


You were on level 4 of the Dungeon.
You were not hungry.

You visited 1 branch of the dungeon, and saw 4 of its levels.

You collected 142 gold pieces.

Inventory:

Hand Weapons
 h - a +0 dagger
 m - a +3 spear (weapon)
Missiles
 d - 2 javelins (quivered)
Jewellery
 e - a +5 ring of dexterity (left hand)
 o - a ring of protection from magic (right hand)
Scrolls
 c - 3 scrolls of magic mapping {unknown}
 f - a scroll of immolation {unknown}
 g - 4 scrolls of identify {unknown}
 j - 2 scrolls of recharging {unknown}
 r - a scroll of remove curse {unknown}
 t - a scroll of enchant armour {unknown}
Potions
 l - a potion of berserk rage {unknown}
 n - 2 potions of curing {unknown}
 p - a potion of heal wounds {unknown}
Books
 a - a book of Conjurations

   Spells                             Type                      Level
   a - Magic Dart                     Conjuration                  1
   b - Searing Ray                    Conjuration                  2
   c - Dazzling Spray                 Conjuration/Hexes            3
   d - Fulminant Prism                Conjuration/Hexes            4
   e - Iskenderun's Mystic Blast      Conjuration                  4
   f - Iskenderun's Battlesphere      Conjuration/Charms           5
 q - a book of Misfortune

   Spells                             Type                      Level
   a - Confusing Touch                Hexes                        2
   b - Confuse                        Hexes                        3
   c - Gell's Gravitas                Hexes/Translocation          3
   d - Petrify                        Transmutation/Earth          4
   e - Metabolic Englaciation         Hexes/Ice                    5
   f - Yara's Violent Unravelling     Hexes/Transmutation          5
Comestibles
 b - 3 bread rations
 i - 3 chunks of flesh
 k - 2 meat rations
 s - 3 fruits


   Skills:
 + Level 2.7 Fighting
 + Level 0.8 Polearms
 + Level 2.8 Dodging
 - Level 1.7 Stealth
 * Level 3.1 Spellcasting
 * Level 4.3 Conjurations


You had 9 spell levels left.
You knew the following spells:

 Your Spells              Type           Power        Failure   Level  Hunger
a - Magic Dart            Conj           ###.         3%          1    None


Dungeon Overview and Level Annotations

Branches:
Dungeon (4/15)
 Temple: D:4-7

Altars:
Makhleb
Ru


Innate Abilities, Weirdness & Mutations

Your plain brown scales are hard (AC +5).
Your body does not fit into most forms of armour.
You are cold-blooded and may be slowed by cold attacks.


Message History

Aim: an ogre, wielding a giant club (severely wounded)
The magic dart hits the ogre.
The ogre is severely wounded.
The ogre hits you but does no damage.
Casting: Magic Dart
Confirm with . or Enter, or press ? or * to list all spells.
Aiming: Magic Dart
Press: ? - help, Shift-Dir - straight line, f/p - ogre
Aim: an ogre, wielding a giant club (heavily wounded)
The magic dart hits the ogre.
The ogre is severely wounded.
Casting: Magic Dart
Confirm with . or Enter, or press ? or * to list all spells.
Aiming: Magic Dart
Press: ? - help, Shift-Dir - straight line, f/p - ogre
Aim: an ogre, wielding a giant club (severely wounded)
The magic dart hits the ogre.
The ogre is severely wounded.
The ogre hits you with a giant club!
You die...

#.# #......# ##### ## ..
##.#.#.###...# ... #.
#...#...#..<#
...##.####..####.....###
#.....##...# ###.....#
##.....#.## #...#.#
.###...#..#..## #...#.#
..........O##..# #####.# .
...#######<@.#.########.##..
## #..................
##....###.......###
###..##..####..)..
#####.....## ##.##.
#........### #.# #.######.#
#.# #.# #.# #.# #.>


You could see an ogre.

Vanquished Creatures
  2 adders
  2 oozes
  5 worms
  3 dart slugs
  3 giant geckos (D:1)
  6 orcs (D:3)
  2 ball pythons
  9 bats
  8 giant cockroaches
  8 hobgoblins
  9 jackals
  13 kobolds
  A quokka (D:2)
  14 giant newts
  5 goblins
  4 rats
94 creatures vanquished.

Notes
Turn   | Place    | Note
--------------------------------------------------------------
     0 | D:1      | Joat the Draconian Conjurer began the quest for the Orb.
     0 | D:1      | Reached XP level 1. HP: 14/14 MP: 3/3
   208 | D:1      | Reached XP level 2. HP: 22/22 MP: 1/5
   523 | D:1      | Reached skill level 1 in Fighting
   826 | D:1      | Reached XP level 3. HP: 7/29 MP: 0/6
  2000 | D:2      | Found a sacrificial altar of Ru.
  2096 | D:2      | Reached XP level 4. HP: 37/37 MP: 8/8
  2792 | D:3      | Found a burning altar of Makhleb.
  3387 | D:3      | Reached XP level 5. HP: 39/42 MP: 9/9
  3689 | D:4      | Noticed an ogre
  3754 | D:4      | Slain by an ogre

Skill      XL: |  1  2  3  4 |
---------------+-------------+-----
Fighting       | 1 2 |  2.7
Dodging        | 2 |  2.8
Spellcasting   | 3 |  3.1
Polearms       | |  0.8
Stealth        | |  1.7
Conjurations   | |  4.3

Action                   |  1- 3 |  4- 6 || total
-------------------------+-------+-------++-------
Melee: Unarmed           |    99 |       ||    99
       Tailslap          |    27 |     7 ||    34
       Dagger            |    89 |    12 ||   101
       Spear             |       |   113 ||   113
 Cast: Magic Dart        |    35 |    33 ||    68
 Stab: Sleeping          |     4 |     5 ||     9
       Distracted        |     1 |     1 ||     2
  Eat: Chunk             |     4 |     6 ||    10
Armor: Skin              |    73 |    25 ||    98
Dodge: Dodged            |   147 |    63 ||   210
